 Dungeon Crawl Stone Soup version 0.21-a0-91-ga5031da (webtiles) character file.

103 Ijustatesigmund the Cudgeler (level 4, -2/44 HPs)
             Began as a Naga Fighter on June 28, 2017.
             Slain by an ogre
             ... wielding a +0 giant club
              (7 damage)
             ... on level 4 of the Dungeon.
             The game lasted 00:06:26 (2719 turns).

Ijustatesigmund the Cudgeler (Naga Fighter)         Turns: 2719, Time: 00:06:27

Health: -2/44      AC:  6    Str: 18    XL:     4   Next: 79%
Magic:  4/4        EV:  2    Int: 13    God:
Gold:   166        SH:  8    Dex: 12    Spells: 3/3 levels left

rFire    . . .     SeeInvis +   a - +0 flail
rCold    . . .     Gourm    .   c - +0 shield
rNeg     . . .     Faith    .   j - +0 chain mail
rPois    +         Spirit   .   (no helmet)
rElec    .         Reflect  .   (no cloak)
rCorr    .         Harm     .   (no gloves)
MR       .....                  (no barding)
Stlth    ..........             (no amulet)
HPRegen  0.14/turn              k - +5 ring of intelligence
MPRegen  0.09/turn              (no ring)

@: very slow
A: see invisible, deformed body, poison resistance, slowness 2, slow metabolism
1, spit poison 1, AC +1
a: Spit Poison


You were on level 4 of the Dungeon.
You were hungry.

You visited 1 branch of the dungeon, and saw 4 of its levels.

You collected 166 gold pieces.

Inventory:

Hand Weapons
 a - a +0 flail (weapon)
Armour
 c - a +0 shield (worn)
 j - a +0 chain mail (worn)
Jewellery
 k - a +5 ring of intelligence (left hand)
Wands
 l - a wand of lightning (3/15)
Scrolls
 b - 2 scrolls of remove curse
 d - a scroll of teleportation
 e - 4 scrolls of identify
 h - a scroll of enchant weapon {unknown}
 i - a scroll of magic mapping
Potions
 g - 3 potions of curing
Comestibles
 f - 2 bread rations


   Skills:
 + Level 4.0 Fighting
 + Level 4.0 Maces & Flails
 - Level 2.4 Armour
 - Level 2.4 Shields


You had 3 spell levels left.
You didn't know any spells.

Dungeon Overview and Level Annotations

Branches:
Dungeon (4/15)
 Temple: D:4-7

Altars:

Annotations:
D:3 Ijustatesigmund's ghost, amateur OpFi


Innate Abilities, Weirdness & Mutations

You cannot wear boots.
Your serpentine skin is tough. (AC +1)
You have supernaturally acute eyesight. (SInv)
Armour fits poorly on your strangely shaped body.
Your system is resistant to poisons. (rPois)
You cover ground very slowly.
You have a slow metabolism.
You can spit poison.


Message History

You are too injured to fight recklessly!
You are too injured to fight recklessly!
You are too injured to fight recklessly!
You hit the ogre.
The ogre is moderately wounded.
You block the ogre's attack.
You hit the ogre.
The ogre is heavily wounded.
You block the ogre's attack.
Your chain mail prevents you from hitting the ogre.
The ogre is heavily wounded.
The ogre barely misses you.
You closely miss the ogre.
The ogre is heavily wounded.
The ogre hits you with a giant club!
* * * LOW HITPOINT WARNING * * *
You sock the ogre!
The ogre is almost dead.
The ogre hits you with a giant club!
You die...

#....#...#########......###
#..............# #...#.....
####...........# #...+.>...
#...........# #...#.....
#...........# #...#.....
#...........# #...######
#...........# #...#
#...........# #...
#......@....# #......O....#
#...........# #...........#
#...........# #..?........#
#############


You could see an ogre.

Vanquished Creatures
  5 adders
  A worm (D:3)
  A dart slug (D:1)
  A leopard gecko (D:2)
  5 orcs
  2 giant cockroaches (D:1)
  5 goblins
  3 hobgoblins (D:2)
  6 jackals
  3 kobolds (D:1)
  2 quokkas (D:4)
  6 bats
  3 frilled lizards (D:1)
  5 rats
48 creatures vanquished.

Notes
Turn   | Place    | Note
-------+----------+-------------------------------------------
     0 | D:1      | Ijustatesigmund the Naga Fighter began the quest for the Orb.
     0 | D:1      | Reached XP level 1. HP: 21/21 MP: 1/1
   260 | D:1      | Reached XP level 2. HP: 28/28 MP: 2/2
   668 | D:1      | Reached XP level 3. HP: 31/34 MP: 3/3
  1062 | D:2      | Found a faded altar of an unknown god.
  1808 | D:2      | Reached XP level 4. HP: 36/43 MP: 4/4
  2012 | D:3      | Noticed Ijustatesigmund's ghost (amateur OpFi)
  2710 | D:4      | Noticed an ogre
  2719 | D:4      | Slain by an ogre

Vault maps used:
D:1:      tarquinn_simple_flora_water_e, dk_noncrumbling_4,
          minmay_misc_feat_rugged
D:2:      chequers_ecumenical_altar_simple
D:3:      first_bread
D:4:      temple_hall

Skill      XL: |  1  2  3  4 |
---------------+-------------+-----
Maces & Flails | 3 4 |  4.0
Fighting       | 4 |  4.0
Armour         | |  2.4
Shields        | |  2.4

Action                   |  1- 3 |  4- 6 || total
-------------------------+-------+-------++-------
Melee: Flail             |   149 |    68 ||   217
  Use: Scroll            |     4 |     4 ||     8
       Potion            |       |     1 ||     1
  Eat: Chunk             |     1 |     1 ||     2
       Royal jelly       |       |     1 ||     1
Armor: Scale mail        |    31 |       ||    31
       Chain mail        |    59 |    37 ||    96
Dodge: Dodged            |    36 |     9 ||    45
Block: Shield            |    94 |    40 ||   134
